 Dungeon Sprint DCSS version 0.24.0-41-g2ae2f7f1be (webtiles) character file.

Game seed: 13713375955101282609, levelgen mode: deterministic

41 McKennaii the Skirmisher (level 3, -9/30 HPs)
             Began as a Demonspawn Fighter on Dec 9, 2019.
             Shot with an arrow by a centaur (13 damage)
             ... in the Dungeon (Sprint IX: "|||||||||||||||||||||||||||||").
             The game lasted 00:00:18 (269 turns).

McKennaii the Skirmisher (Demonspawn Fighter)        Turns: 269, Time: 00:00:19

Health: -9/30      AC:  9    Str: 17    XL:     3   Next: 32%
Magic:  3/3        EV:  7    Int:  9    God:
Gold:   0          SH:  9    Dex: 12    Spells: 2/2 levels left

rFire    . . .     SeeInvis .   a - +0 long sword
rCold    . . .     Gourm    .   c - +0 shield
rNeg     . . .     Faith    .   b - +0 scale mail
rPois    .         Spirit   .   (no helmet)
rElec    .         Reflect  .   (no cloak)
rCorr    .         Harm     .   (no gloves)
MR       .....     NoTele   +   (no boots)
Stlth    +.........             (no amulet)
HPRegen  0.10/turn              (no ring)
MPRegen  0.08/turn              (no ring)

@: no status effects
A: icy blue scales 1, nightstalker 1
a: no special abilities


You were in the Dungeon.
You were not hungry.

You visited 1 branch

Inventory:

Hand Weapons
 a - a +0 long sword (weapon)
Armour
 b - a +0 scale mail (worn)
 c - a +0 shield (worn)
Scrolls
 k - a scroll of blinking
Potions
 d - a potion of might
 e - a potion of curing
 g - a potion of heal wounds
 h - a potion of haste
 i - 2 potions of magic
 j - a potion of berserk rage
Comestibles
 f - a ration


   Skills:
 + Level 4.1 Fighting
 * Level 3.6 Long Blades
 + Level 4.0 Armour
 + Level 1.1 Dodging
 + Level 3.8 Shields


You had 2 spell levels left.
You didn't know any spells.
Your spell library was empty.

Dungeon Overview and Level Annotations

Branches:
Dungeon (1/1)

Altars:


Innate Abilities, Weirdness & Mutations

You are partially covered in icy blue scales. (AC +2)
You are slightly more attuned to the shadows.


Message History

You block the hound's attack. The hound bites you.
* * * LOW HITPOINT WARNING * * *
You hit the hound.
The hound is severely wounded.
You block the hound's attack. The hound bites you.
* * * LOW HITPOINT WARNING * * *
You slash the hound!
You kill the hound!
Your Fighting skill increases to level 4!
Your Long Blades skill increases to level 3!
Your Armour skill increases to level 4!
Your Dodging skill increases to level 1!
You have reached level 3!
Your experience leads to an increase in your attributes!
Increase (S)trength, (I)ntelligence, or (D)exterity?
You feel stronger.
Your demonic ancestry asserts itself...
Icy blue scales grow over part of your body.
The centaur wields a +0 shortbow.
The centaur shoots an arrow.
You block the arrow.
The centaur shoots an arrow.
The arrow hits you!
You die...

▓.▓
▓.▓
▓÷▓
▓÷▓
▓.▓
▓.▓
▓.▓
▓.▓
▓@▓
▓†▓
▓c▓
▓.▓
▓.▓
▓.▓
▓+▓


You could see a centaur.

Vanquished Creatures
  A hound (D)
  A worm (D)
  2 bats (D)
  A goblin (D)
  2 hobgoblins (D)
  2 quokkas (D)
9 creatures vanquished.

Vanquished Creatures (others)
  A spatial maelstrom (D)
1 creature vanquished.

Grand Total: 10 creatures vanquished

Notes
Turn   | Place    | Note
-------+----------+-------------------------------------------
     0 | D        | McKennaii the Demonspawn Fighter began the quest for the
                  | Orb.
     0 | D        | Reached XP level 1. HP: 18/18 MP: 1/1
     2 | D        | Banished a spatial maelstrom
   241 | D        | Noticed a hound
   241 | D        | Noticed a centaur
   242 | D        | Gained mutation: You are slightly more attuned to the
                  | shadows. [demonic ancestry]
   242 | D        | Reached XP level 2. HP: 24/24 MP: 2/2
   269 | D        | Reached skill level 1 in Dodging
   269 | D        | Gained mutation: You are partially covered in icy blue
                  | scales. (AC +2) [demonic ancestry]
   269 | D        | Reached XP level 3. HP: 4/30 MP: 3/3
   269 | D        | Shot with an arrow by a centaur

Levels and vault maps discovered:
D:        linesprint [early_d, line_temple, items_1, d_10, items_2, lair_1,
          lair_end, items_3, orc_1, orc_end, items_4, d_15, swamp_1, shoals_1,
          snake_1, spider_1, d_20, vaults_1, items_5, swamp_end, shoals_end,
          snake_end, spider_end, vaults_end, d_27, items_6, zot_1, zot_end,
          crypt_end, forest_end, elf_end, slime_end, tomb_end, abyss_end,
          pan_hell_end]

Skill      XL: |  1  2 |
---------------+-------+-----
Long Blades    | 2 3 |  3.6
Armour         | 3 4 |  4.0
Shields        | 3 |  3.8
Fighting       | 4 |  4.1
Dodging        | 1 |  1.1

Action                   || total
-------------------------++-------
Melee: Long sword        ||    57
Armor: Scale mail        ||    25
Dodge: Dodged            ||    16
Block: Shield            ||    27
       Rpst.: Long sword ||     8
